 Dungeon Crawl Stone Soup version 0.29.1-4-g47bece8355 (webtiles) character file.

Game seed: 4558798529293399234

67 BillyBaka the Digger (level 4, -2/36 HPs)
             Began as a Gargoyle Earth Elementalist on Dec 12, 2022.
             Slain by Sigmund
             ... wielding a +0 scythe
              (5 damage)
             ... on level 2 of the Dungeon.
             The game lasted 00:18:00 (1662 turns).

BillyBaka the Digger (Gargoyle Earth Elementalist)  Turns: 1662, Time: 00:18:00

Health: -2/36      AC: 22    Str: 11    XL:     4   Next: 18%
Magic:  5/8        EV:  2    Int: 18    God:
Gold:   78         SH:  0    Dex: 16    Spells: 7/8 levels left

rFire   . . .      SeeInvis .   l - +3 dagger
rCold   . . .      Faith    .   o - orb {*channel}
rNeg    + . .      Spirit   .   (body armour currently unavailable)
rPois   ∞          Reflect  .   (helmet currently unavailable)
rElec   .          Harm     .   (cloak currently unavailable)
rCorr   .          Rampage  .   (gloves currently unavailable)
Will    .....      NoTele   +   (boots currently unavailable)
Stlth   +.........              i - amulet of the acrobat
HPRegen 0.12/turn               f - +6 ring of dexterity
MPRegen 0.11/turn               (no ring)

@: confused, tree-form (expiring), acrobatic
A: stationary, stasis, torment immunity, boosted hp, sickness immunity, AC +3,
negative energy resistance 1, (electricity resistance), torment resistance 1,
petrification resistance
a: no special abilities


You were on level 2 of the Dungeon.
You were a tree.
You visited 1 branch of the dungeon, and saw 2 of its levels.

You collected 78 gold pieces.

Inventory:

Hand Weapons
 l - a +3 dagger (weapon)
Missiles
 c - 5 javelins
 p - 3 boomerangs
Armour
 a - a +0 robe (melded)
 n - a +0 helmet (melded)
 o - an orb of energy (worn)
Jewellery
 f - a +6 ring of dexterity (left branch)
 i - an amulet of the acrobat (around neck)
Wands
 j - a wand of polymorph (4)
Scrolls
 d - 4 scrolls of identify {unknown}
 h - a scroll of blinking {unknown}
 k - a scroll of teleportation {unknown}
Potions
 b - a potion of magic
 e - a potion of mutation {unknown}
 m - a potion of brilliance {unknown}
 q - a potion of curing {unknown}


   Skills:
 + Level 0.7 Fighting
 + Level 0.4 Short Blades
 - Level 1.6 Dodging
 - Level 2.4 Stealth
 * Level 2.6 Spellcasting
 * Level 1.4 Conjurations
 - Level 0.7 Transmutations
 * Level 4.4 Earth Magic
 + Level 0.1 Evocations


You had 7 spell levels left.
You knew the following spells:

 Your Spells              Type           Power      Damage    Failure   Level
a - Sandblast             Erth           36%        2d10      2%          1

Your spell library contained the following spells:

 Spells                   Type           Power      Damage    Failure   Level
 Passwall                 Tmut/Erth      9%         N/A       9%          2
 Stone Arrow              Conj/Erth      24%        3d8       16%         3
 Gell's Gravitas          Tloc           2%         N/A       45%         3
 Teleport Other           Tloc           2%         N/A       45%         3
 Petrify                  Tmut/Erth      11%        N/A       52%         4
 Dispersal                Tloc           1%         N/A       100%        6


Dungeon Overview and Level Annotations

Branches:
Dungeon (2/15)

Altars:

Annotations:
D:2 Sigmund


Innate Abilities, Weirdness & Mutations

You are a tree.
Your roots penetrate the ground, keeping you stationary.
You cannot be teleported.
You are immune to unholy pain and torment.
Your maximum health is greatly increased.
Your equipment is partially melded.
You are immune to sickness and miasma.
((Your stone body is resilient. (AC +3)))
You are immune to poison.
You resist negative energy. (rN+)
((You are resistant to electric shocks. (rElec)))
You are resistant to unholy torment.
You are immune to petrification.


Message History

You cannot move.
Aiming: Sandblast (safe; 2% risk of failure)
Press: ? - help, Q - select action, (/) - cycle Shift-Dir - straight line The blast of sand hits something.
You hear some strange, mumbled words.
A puff of flame appears from out of thin air!
The puff of flame hits you.
* * * LOW HITPOINT WARNING * * *
You hear some strange, mumbled words.
A puff of flame appears from out of thin air!
The puff of flame hits you!
* * * LOW HITPOINT WARNING * * *
You cannot move.
Something hits you but does no damage. Something hits you but does no damage.
Sigmund appears from thin air!
Reactivating autopickup.
Sigmund gestures wildly while chanting.
Sigmund flickers and vanishes!
Deactivating autopickup; reactivate with Ctrl-A.
Something hits you but does no damage. Something hits you but does no damage.
Unknown command.
Something hits you but does no damage. Something completely misses you.
Unknown command.
You hear some strange, mumbled words.
Something tries to affect you, but you resist.
You hear some strange, mumbled words.
A puff of flame appears from out of thin air!
The puff of flame hits you but does no damage.
Something hits you but does no damage. Something hits you but does no damage.
Your transformation is almost over.
You hear some strange, mumbled words.
You are confused.
A magic dart appears from out of thin air!
The magic dart hits you but does no damage.
Something hits you.
You die...

..........# #...'........#
..........# .######........#
..........#######.#######........
'#########.................<....#
.# #.......######.#.####### .#
#.......# #.#'#### .# #.......#
#......# .#########.......#
#......#
.##.............♣#######.....####
.................'{$.............
.#.###.###.......################
..............#### #..........
.#.....######.# #..........
.#.##### #.# #.......... ##.# .#
#......<... ##.## #.†.....^..
....# #..........


There were no monsters in sight!

Vanquished Creatures
  Robin (D:2)
  An adder (D:2)
  A worm (D:2)
  2 dart slugs (D:2)
  3 ball pythons
  2 bats (D:1)
  3 endoplasms
  2 giant cockroaches
  8 goblins (D:2)
  4 hobgoblins
  2 jackals (D:2)
  2 quokkas
  A frilled lizard (D:1)
  4 kobolds
  2 rats (D:1)
38 creatures vanquished.

Notes
Turn   | Place    | Note
-------+----------+-------------------------------------------
     0 | D:1      | BillyBaka the Gargoyle Earth Elementalist began the quest
                  | for the Orb.
     0 | D:1      | Reached XP level 1. HP: 10/10 MP: 3/3
   198 | D:1      | Reached XP level 2. HP: 15/15 MP: 1/5
   540 | D:1      | Reached skill level 4 in Earth Magic
   907 | D:2      | Reached XP level 3. HP: 15/20 MP: 2/6
  1260 | D:2      | Noticed Robin
  1354 | D:2      | Reached skill level 1 in Conjurations
  1384 | D:2      | Killed Robin
  1389 | D:2      | Reached XP level 4. HP: 24/24 MP: 4/7
  1440 | D:2      | Found a faded altar of an unknown god.
  1595 | D:2      | Noticed Sigmund
  1644 | D:2      | HP: 1/36 [something/puff of flame (8)]
  1662 | D:2      | Slain by Sigmund

Illustrated notes

Levels and vault maps discovered:
D:1:      lemuel_arrival_broad_hall, layout_loops_cross
D:2:      layout_basic, chequers_ecumenical_altar_simple_redux, uniq_sigmund,
          uniq_robin

Skill      XL: |  1  2  3 |
---------------+----------+-----
Earth Magic    | 4 |  4.4
Conjurations   | 1 |  1.4
Fighting       | |  0.7
Short Blades   | |  0.4
Dodging        | |  1.6
Stealth        | |  2.4
Spellcasting   | |  2.6
Transmutations | |  0.7
Evocations     | |  0.1

Action                   |  1- 3 |  4- 6 || total
-------------------------+-------+-------++-------
Melee: Dagger            |     9 |     6 ||    15
       Short sword       |     9 |       ||     9
       Unarmed           |     5 |     1 ||     6
 Cast: Sandblast         |    47 |    11 ||    58
  Use: Potion            |       |     1 ||     1
Armor: Robe              |    10 |     7 ||    17
       Skin              |     2 |    11 ||    13
Dodge: Dodged            |    24 |     8 ||    32
